 Dungeon Crawl Stone Soup version 0.32-a0-422-g28b100f618 (webtiles) character file.

Game seed: 12127589175133870652

50 zenocrate the Sneak (level 4, 0/29 HPs)
             Began as a Kobold Delver on Feb 21, 2024.
             Slain by a black bear (2 damage)
             ... on level 4 of the Dungeon.
             The game lasted 00:00:34 (248 turns).

zenocrate the Sneak (Kobold Delver)                  Turns: 248, Time: 00:00:34

Health: 0/29       AC:  3    Str:  9    XL:     4   Next: 4%
Magic:  4/4        EV: 15    Int: 11    God:
Gold:   25         SH:  0    Dex: 18    Spells: 3/3 levels left

rFire   . . .        a - +0 short sword
rCold   . . .        (no shield)
rNeg    . . .        b - +0 leather armour
rPois   .            (no helmet)
rElec   .            (no cloak)
rCorr   .            (no gloves)
SInv    .            (no boots)
Will    .....        (no amulet)
Stlth   ++++         (no ring)
HPRegen 0.24/turn    (no ring)
MPRegen 0.09/turn

%: no passive effects
@: no status effects
A: small, no large weapons, nightstalker 3
a: no special abilities


You were on level 4 of the Dungeon.
You visited 1 branch of the dungeon, and saw 2 of its levels.

You collected 25 gold pieces.

Inventory:

Hand Weapons
 a - a +0 short sword (weapon)
Missiles
 e - 2 boomerangs (quivered)
Armour
 b - a +0 leather armour (worn)
Wands
 g - a wand of digging (3)
Scrolls
 c - a scroll of fog
 d - a scroll of revelation
 f - a scroll of identify {unknown}
 h - a scroll of noise {unknown}
 i - a scroll of torment {unknown}


   Skills:
 + Level 3.8 Fighting
 + Level 3.5 Short Blades
 + Level 3.1 Dodging
 + Level 7.1 Stealth
 + Level 0.0 Evocations


You had 3 spell levels left.
You didn't know any spells.
Your spell library was empty.

Dungeon Overview and Level Annotations

Branches:
Dungeon (5/15)
 Temple: D:4-7

Altars:


Innate Abilities, Weirdness & Mutations

You are small and have problems with some larger weapons.
You are completely attuned to the shadows.


Message History

The helpless endoplasm fails to defend itself.
You stick the endoplasm like a pincushion!!!
You kill the endoplasm!
No target in view!
Your library has no spells.
Unknown command.
A black bear comes into view.
You see here 6 gold pieces.
A black bear is nearby!
A black bear is nearby!
The black bear growls angrily.
The black bear bites you.
The black bear claws you but does no damage.
The black bear completely misses you.
A black bear is nearby!
You hit the black bear.
The black bear is lightly wounded.
The black bear bites you! The black bear claws you.
The black bear closely misses you.
You are too injured to fight recklessly!
Unknown command.
You hit the black bear.
The black bear is lightly wounded.
The black bear bites you.
* * * LOW HITPOINT WARNING * * *
The black bear claws you.
* * * LOW HITPOINT WARNING * * *
The black bear claws you.
* * * LOW HITPOINT WARNING * * *
You closely miss the black bear.
The black bear is lightly wounded.
The black bear bites you.
* * * LOW HITPOINT WARNING * * *
The black bear barely misses you. The black bear misses you.
Unknown command.
Unknown command.
You barely miss the black bear.
The black bear is lightly wounded.
The black bear barely misses you. The black bear claws you.
You die...

..............#
.................#
........)...#....#
............#h...#
.............@....
#..........#....#
###.##.##....##..
#.##..##.$.....
##.###..#.......
######..#
#.........
...##..##
##........
....#.## ........
......#


You could see a black bear.

Vanquished Creatures
  A hound (D:4)
  An adder (D:5)
  2 orcs (D:5)
  An endoplasm (D:4)
5 creatures vanquished.

Notes
Turn   | Place    | Note
-------+----------+-------------------------------------------
     0 | D:5      | zenocrate the Kobold Delver began the quest for the Orb.
     0 | D:5      | Reached XP level 1. HP: 14/14 MP: 1/1
     9 | D:5      | Reached XP level 2. HP: 19/19 MP: 2/2
   218 | D:4      | Reached skill level 7 in Stealth
   218 | D:4      | Reached XP level 3. HP: 24/24 MP: 3/3
   218 | D:4      | Reached XP level 4. HP: 29/29 MP: 4/4
   241 | D:4      | Noticed a black bear
   248 | D:4      | Slain by a black bear

Illustrated notes

Levels and vault maps discovered:
D:4:      layout_rooms, mainiacjoe_overflow_catwalk, kennysheep_little_box,
          uniq_natasha
D:5:      layout_rooms, nicolae_overflow_crystal_walls,
          grunt_ashenzari_visionary [grunt_ashenzari_visionary_shoals,
          grunt_ashenzari_visionary_snake], nrook_uturn, grunt_ministairs_3

Skill      XL: |  1  2 |
---------------+-------+-----
Short Blades   | 3 |  3.5
Dodging        | 3 |  3.1
Stealth        | 7 |  7.1
Fighting       | |  3.8

Action                     |  1- 3 |  4- 6 || total
---------------------------+-------+-------++-------
  Melee: Short sword       |    17 |     5 ||    22
    Use: Potion            |     2 |       ||     2
         Scroll            |     1 |       ||     1
   Stab: Sleeping          |     2 |     1 ||     3
 Armour: Leather armour    |     9 |     9 ||    18
  Dodge: Dodged            |    10 |     5 ||    15

Table legend: (Time is in decaauts)
 A = Elapsed time spent in this place.
 B = Non-inter-level travel time spent in this place.
 C = Inter-level travel time spent in this place.
 D = Time resting spent in this place.
 E = Time spent auto-exploring this place.
 F = Levels seen in this place.
 G = Mean time per level.
                   A        B        C        D        E       F      G
               +--------+--------+--------+--------+--------+-----+--------+
         Total |    229 |    214 |     15 |      0 |    128 |   2 |  114.5 |
       Dungeon |    229 |    214 |     15 |      0 |    128 |   2 |  114.5 |
               +--------+--------+--------+--------+--------+-----+--------+

Top non-repeatable levels by time:
     D:5: 194 daAuts
     D:4: 34 daAuts
